 Dungeon Crawl Stone Soup version 0.31-a0-232-gb1c03b2570 (webtiles) character file.

Game seed: 15463677996667125660

20424 MacCMillion the Nimble (level 12, -5/64 HPs)
             Began as a Spriggan Hunter on July 7, 2023.
             Was a High Priest of Okawaru.
             Slain by a raiju (8 damage)
             ... on level 1 of the Abyss.
             The game lasted 00:51:54 (20474 turns).

MacCMillion the Nimble (Spriggan Hunter)           Turns: 20474, Time: 00:51:54

Health: -5/64      AC: 10    Str:  7    XL:     12   Next: 45%
Magic:  0/17       EV: 32    Int: 11    God:    Okawaru [*****.]
Gold:   569        SH:  0    Dex: 23    Spells: 11/11 levels left

rFire   . . .        a - +0 shortbow
rCold   + . .        (shield currently unavailable)
rNeg    . . .        D - +0 steam dragon scales
rPois   .            (helmet restricted)
rElec   .            w - +0 cloak
rCorr   .            (gloves unavailable)
SInv    +            (boots unavailable)
Will    ++...        G - amulet of guardian spirit
Stlth   +++          K - +4 ring of protection
HPRegen 0.00/turn    Q - ring of protection from cold
MPRegen 0.15/turn

%: guardian spirit
@: about to teleport, sick, very quick
A: very small, no large weapons, unfitting armour, see invisible, speed 3
a: Renounce Religion, Heroism, Finesse, Duel


You were on level 1 of the Abyss.
You worshipped Okawaru.
Okawaru was extremely pleased with you.
You visited 2 branches of the dungeon, and saw 13 of its levels.
You visited the Abyss 1 time.
You also visited: Ossuary.

You collected 723 gold pieces.
You spent 154 gold pieces at shops.

Inventory:

Hand Weapons
 a - a +0 shortbow (weapon)
 P - a +1 antimagic sling
Armour
 c - a +0 robe
 w - a +0 cloak (worn)
 D - +0 steam dragon scales (worn)
Jewellery
 j - a ring of wizardry
 F - a ring of willpower
 G - an amulet of guardian spirit (around neck)
 I - a ring of fire
 K - a +4 ring of protection (left hand)
 L - a ring of ice
 Q - a ring of protection from cold (right hand)
Wands
 x - a wand of flame (54)
 C - a wand of iceblast (12)
 H - a wand of paralysis (1)
 M - a wand of digging (5)
Scrolls
 b - a scroll of butterflies
 d - 3 scrolls of poison
 g - 2 scrolls of amnesia
 h - a scroll of torment {unknown}
 k - 2 scrolls of fear {unknown}
 l - 2 scrolls of teleportation
 n - 2 scrolls of blinking {unknown}
 o - 2 scrolls of silence {unknown}
 p - 2 scrolls of immolation {unknown}
 r - 5 scrolls of revelation {unknown}
 v - 8 scrolls of identify
 y - 3 scrolls of vulnerability {unknown}
 E - a scroll of brand weapon {unknown}
 J - 3 scrolls of enchant armour {unknown}
 N - a scroll of noise {unknown}
 R - a scroll of enchant weapon {unknown}
Potions
 e - 2 potions of degeneration {unknown}
 i - 6 potions of curing
 m - 4 potions of attraction
 q - 3 potions of enlightenment {unknown}
 s - a potion of resistance {unknown}
 t - 2 potions of might
 u - 5 potions of cancellation {unknown}
 z - a potion of mutation {unknown}
 A - 3 potions of haste {unknown}
 B - a potion of berserk rage {unknown}
 O - 2 potions of lignification {unknown}


   Skills:
 + Level 7.9 Fighting
 - Level 14.0 Ranged Weapons
 + Level 14.9 Dodging
 - Level 4.0 Stealth
 - Level 6.0 Invocations


You had 11 spell levels left.
You didn't know any spells.
Your spell library contained the following spells:

 Spells                   Type           Power      Damage    Failure   Level
 Foxfire                  Conj/Fire      0%         2x1d4     34%         1
 Slow                     Hex            0%         N/A       34%         1
 Sublimation of Blood     Necr           0%         N/A       47%         2
 Confusing Touch          Hex            0%         N/A       71%         3
 Vampiric Draining        Necr           0%         2d6       71%         3
 Passage of Golubria      Tloc           0%         N/A       98%         4
 Petrify                  Tmut/Erth      0%         N/A       98%         4
 Fireball                 Conj/Fire      0%         3d3       100%        5
 Irradiate                Conj/Tmut      0%         3d11      100%        5
 Silence                  Hex/Air        0%         N/A       100%        5
 Plasma Beam              Fire/Air       0%         2x1d10    100%        6
 Starburst                Conj/Fire      0%         6d3       100%        6
 Lehudib's Crystal Spear  Conj/Erth      0%         10d2      100%        8
 Animate Dead             Necr           Unusable   N/A       N/A         4
 Haunt                    Necr/Summ      Unusable   N/A       N/A         7
 Infestation              Necr           Unusable   N/A       N/A         8

Dungeon Overview and Level Annotations

Branches:
Dungeon (11/15)            Temple (0/1) D:5            Lair (2/5) D:8
Ossuary (visited)
  Swamp: Lair:2-3    Shoals: Lair:2-3     Snake: Lair:2-3    Spider: Lair:2-3
    Orc: D:9-12

Altars:
Ashenzari
Cheibriados
Dithmenos
Fedhas
Kikubaaqudgha
Okawaru
Ru
Sif Muna
Xom
Zin

Shops:
D:2 ?   D:4 =   D:5 (   D:8 (   D:9 :

Portals:
Trove: D:11 (give +3 fire dragon scales)

Annotations:
D:3 Sigmund
D:9 exclusion: ugly thing
D:11 exclusion: 2 doors
Lair:2 Sonja


Innate Abilities, Weirdness & Mutations

You are very small and have problems with some larger weapons.
You are too small for most types of armour.
You have supernaturally acute eyesight. (SInv)
You cover ground extremely quickly. (Speed+++)


Message History

The ancient zyme completely misses you. The ancient zyme hits you.
The raiju bursts into living lightning!
The living lightning hits you!
The raiju blinks!
The raiju completely misses you.
You shoot an arrow. The arrow closely misses the raiju.
The arrow hits the small abomination.
The small abomination is lightly damaged.
You are covered in liquid flames!
* * * LOW HITPOINT WARNING * * *
You shoot an arrow. The arrow hits the raiju!
The raiju is moderately wounded.
You are covered in liquid flames!
* * * LOW HITPOINT WARNING * * *
The ancient zyme burns!
The raiju completely misses you.
The ancient zyme is engulfed in a cloud of scalding steam.
The ancient zyme completely misses you. x2
The raiju bites you but does no damage.
You shoot an arrow. The arrow misses the raiju.
The arrow barely misses the small abomination.
You are covered in liquid flames!
* * * LOW HITPOINT WARNING * * *
You are no longer on fire.
The ancient zyme burns!
The ancient zyme is destroyed!
The smoke demon completely misses you. x2; The smoke demon closely misses you.
The raiju bursts into living lightning!
The living lightning misses you.
The raiju blinks!
The raiju bursts into living lightning!
The living lightning hits you!
* * * LOW HITPOINT WARNING * * *
The living lightning hits the raiju.
The raiju completely resists.
The living lightning hits the raiju.
The raiju completely resists.
The raiju blinks!
The small abomination misses you.
You shoot an arrow. The arrow hits the small abomination!
The small abomination is moderately damaged.
The raiju bites you.
* * * LOW HITPOINT WARNING * * *
The raiju shocks you!
You die...

...###.
.#.....#... .
.......... ..
......... ...
......... #...
#.....# ##...
##G..##
#.....#3h...#...
.h...hh.@x......
############....
..


You could see a great orb of eyes, a smoke demon, 4 raiju and a small
abomination.

Vanquished Creatures
  A great orb of eyes (Abyss:1)
  A hydra (Lair:1)
  3 two-headed ogres
  Urug (D:9)
  A large abomination (Abyss:1)
  An orc knight (D:8)
  Maurice (D:8)
  A black mamba (Lair:1)
  An elephant (D:7)
  A cane toad (Lair:1)
  2 rime drakes (Lair:1)
  4 komodo dragons (Lair:1)
  An unseen horror (D:10)
  A kobold demonologist (D:11)
  A hornet (D:8)
  Prince Ribbit (D:5)
  2 trolls
  5 blink frogs
  A centaur simulacrum (Abyss:1)
  A vampire (D:10)
  2 wraiths (D:10)
  20 yaks
  A basilisk (Lair:1)
  A shadow (D:11)
  2 wyverns
  2 steam dragons
  Grum (Lair:1)
  Edmund (D:4)
  2 acid dragons (D:9)
  3 water moccasins
  2 orc warriors
  2 ice beasts (D:5)
  4 wolves (D:8)
  6 black bears
  2 ogres
  3 starcursed masses (Abyss:1)
  7 centaurs
  7 bullfrogs
  6 kobold brigands
  3 scorpions
  A gnoll sergeant (D:4)
  5 small abominations (Abyss:1)
  10 wights
  2 howler monkeys
  An electric eel (Lair:1)
  2 jellies
  3 hounds
  An iron imp (D:7)
  Crazy Yiuf (D:4)
  7 orc priests
  A sleepcap (D:6)
  Ijyb (D:5)
  6 iguanas
  10 orc wizards
  A mummy (Ossuary)
  3 gnolls (D:4)
  7 adders
  A shadow imp (D:7)
  2 white imps
  2 ufetubi
  2 worms
  3 dart slugs
  29 orcs
  A spectral bat (Ossuary)
  9 ball pythons
  4 endoplasms
  2 giant cockroaches
  12 gnoll zombies (Ossuary)
  9 goblins
  4 hobgoblins
  9 jackals
  14 kobolds
  3 quokkas
  A bat (D:2)
  4 bat simulacra (Ossuary)
  3 frilled lizards
  3 goblin simulacra (Ossuary)
  5 goblin zombies (Ossuary)
  4 hobgoblin zombies (Ossuary)
  8 kobold zombies (Ossuary)
  An orc zombie (Ossuary)
  2 rats (D:2)
  4 rat simulacra (Ossuary)
  3 spectral goblins (Ossuary)
  6 spectral kobolds (Ossuary)
320 creatures vanquished.

Vanquished Creatures (others)
  Psyche (D:8)
  An ancient zyme (Abyss:1)
  A wight (D:8)
3 creatures vanquished.

Grand Total: 323 creatures vanquished

Notes
Turn   | Place    | Note
-------+----------+-------------------------------------------
     0 | D:1      | MacCMillion the Spriggan Hunter began the quest for the
                  | Orb.
     0 | D:1      | Reached XP level 1. HP: 10/10 MP: 2/2
   149 | D:1      | Reached XP level 2. HP: 15/15 MP: 3/3
   679 | D:2      | Reached XP level 3. HP: 18/18 MP: 4/4
  1128 | D:2      | Found Zoff's Magic Scroll Boutique.
  1133 | D:2      | Bought a scroll of identify for 24 gold pieces
  1133 | D:2      | Bought a scroll of teleportation for 36 gold pieces
  1178 | D:3      | Reached XP level 4. HP: 22/23 MP: 5/5
  1644 | D:3      | Reached skill level 5 in Ranged Weapons
  1676 | D:3      | Reached XP level 5. HP: 26/26 MP: 6/6
  1732 | D:3      | Noticed Sigmund
  2364 | D:4      | Noticed Edmund
  2598 | D:4      | Reached XP level 6. HP: 8/30 MP: 7/7
  2612 | D:4      | Found a shimmering altar of Xom.
  2736 | D:4      | Found Qiuh's One-of-a-Kind Rings.
  2767 | D:4      | Found a sand-covered staircase.
  2772 | Ossuary  | Entered an ossuary
  4190 | D:4      | Found an ancient bone altar of Kikubaaqudgha.
  4560 | D:4      | Killed Edmund
  4561 | D:4      | Reached XP level 7. HP: 35/35 MP: 8/8
  4776 | D:4      | Found a runed translucent door.
  4777 | D:4      | Noticed Crazy Yiuf
  4892 | D:4      | Reached skill level 5 in Dodging
  5231 | D:4      | Killed Crazy Yiuf
  5274 | D:5      | Entered Level 5 of the Dungeon
  5358 | D:5      | Noticed Ijyb
  5383 | D:5      | Killed Ijyb
  5675 | D:5      | Found an iron altar of Okawaru.
  5687 | D:5      | Became a worshipper of Warmaster Okawaru
  5709 | D:5      | Found a staircase to the Ecumenical Temple.
  5757 | D:5      | Found Kestrinlar's Antique Weapon Shop.
  5939 | D:5      | Noticed Prince Ribbit
  5999 | D:5      | Killed Prince Ribbit
  5999 | D:5      | Reached * piety under Okawaru
  6000 | D:5      | Reached XP level 8. HP: 37/39 MP: 9/9
  6096 | D:5      | Found a broken altar of Ashenzari.
  6683 | D:6      | Reached skill level 1 in Invocations
  6962 | D:6      | Reached ** piety under Okawaru
  7183 | D:6      | Found a sacrificial altar of Ru.
  7237 | D:6      | Reached XP level 9. HP: 20/45 MP: 11/11
  7518 | D:6      | Identified the +5 dagger of the Rat {distort, rElec rF++
                  | MP+9}
  8747 | D:7      | Found a snail-covered altar of Cheibriados.
  8836 | D:7      | Reached *** piety under Okawaru
  9583 | D:7      | Found a shadowy altar of Dithmenos.
  9711 | D:8      | Noticed an elephant
  9790 | D:7      | Killed an elephant
  9791 | D:7      | Reached skill level 5 in Fighting
  9791 | D:7      | Reached skill level 10 in Ranged Weapons
 10255 | D:7      | Found a shadowy altar of Dithmenos.
 10613 | D:7      | Found a snail-covered altar of Cheibriados.
 10658 | D:8      | Noticed Maurice
 10670 | D:8      | Found a staircase to the Lair.
 10714 | D:7      | Reached skill level 10 in Dodging
 11033 | D:8      | Killed Maurice
 11033 | D:8      | Reached **** piety under Okawaru
 11034 | D:8      | Reached XP level 10. HP: 51/51 MP: 14/14
 11158 | D:8      | Noticed Psyche
 11165 | D:8      | Killed Psyche
 12081 | D:8      | Found Atzeq's Weapon Shoppe.
 12310 | D:9      | Found a blossoming altar of Fedhas.
 12431 | D:9      | Noticed an orc knight
 12613 | D:8      | Killed an orc knight
 13002 | D:9      | Reached ***** piety under Okawaru
 13619 | D:9      | Found Uniycyah's Vocational Training.
 13871 | D:9      | Found a shimmering blue altar of Sif Muna.
 13871 | D:9      | Found a glowing silver altar of Zin.
 14024 | D:9      | Noticed a white ugly thing
 14062 | D:9      | Reached XP level 11. HP: 45/55 MP: 15/15
 14298 | D:10     | Entered Level 10 of the Dungeon
 14474 | D:10     | Noticed a two-headed ogre
 14524 | D:10     | Killed a two-headed ogre
 14524 | D:10     | Identified the +2 robe "Gyckaneu" {rCorr Int+2} (Okawaru
                  | gifted it to you on level 10 of the Dungeon)
 14524 | D:10     | Received a gift from Okawaru
 15038 | D:10     | Noticed Urug
 15107 | D:9      | Killed Urug
 15392 | D:10     | Noticed a two-headed ogre
 15412 | D:10     | Killed a two-headed ogre
 16153 | D:11     | Found a portal to a secret trove of treasure.
 16343 | D:11     | Noticed a two-headed ogre
 16375 | D:11     | Killed a two-headed ogre
 16376 | D:11     | Reached skill level 5 in Invocations
 16831 | D:11     | Identified the +8 hand axe of the Smoking Augurer
                  | {antimagic, rElec rCorr}
 17011 | D:11     | Noticed a wizard
 17223 | Lair:1   | Entered Level 1 of the Lair of Beasts
 17562 | D:5      | Bought a glowing sling for 94 gold pieces
 18513 | Lair:1   | Reached XP level 12. HP: 40/62 MP: 17/17
 18676 | Lair:1   | Noticed Grum
 19015 | D:8      | Identified the +0 robe of Tekhlarom {Stlth+} (Okawaru
                  | gifted it to you on level 8 of the Dungeon)
 19015 | D:8      | Received a gift from Okawaru
 19252 | Lair:1   | Killed Grum
 19801 | Lair:2   | Noticed a five-headed hydra
 19834 | Lair:1   | Killed a five-headed hydra
 19864 | Lair:2   | Noticed Sonja
 19894 | Abyss:1  | Cast into level 1 of the Abyss (Sonja)
 20043 | Abyss:1  | Noticed a great orb of eyes
 20182 | Abyss:1  | Paralysed by a great orb of eyes for 3 turns
 20261 | Abyss:1  | Killed a great orb of eyes
 20268 | Abyss:1  | Noticed a starcursed mass
 20372 | Abyss:1  | Noticed a merfolk aquamancer
 20460 | Abyss:1  | Noticed a great orb of eyes
 20474 | Abyss:1  | HP: 3/64 [raiju (1)]
 20474 | Abyss:1  | Slain by a raiju

Illustrated notes

Levels and vault maps discovered:
D:1:      ebering_trefoil_twist, layout_rooms, serial_forest,
          infiniplex_forest_end_2, infiniplex_forest_straight_4,
          infiniplex_forest_lined_4_way, infiniplex_forest_clump_diagonal,
          infiniplex_forest_end_2, infiniplex_forest_end_3,
          infiniplex_forest_straight_1, infiniplex_forest_diagonal
D:2:      layout_basic, serial_shops, shop, serial_bayou_lagoon_a
D:3:      layout_rooms, uniq_sigmund
D:4:      layout_gridville, kiku_gazebo_pond_becter, lemuel_tele_altar,
          enter_ossuary_2, nrook_mini_backslash, nicolae_shop_unique_rings,
          uniq_crazy_yiuf_cottage, uniq_edmund
D:5:      layout_loops_ring, mainiacjoe_overflow_alcove_2,
          kennysheep_okawaru_gauntlet, minmay_temple_entry_crystal_x,
          serial_shops, shop, uniq_ijyb, uniq_prince_ribbit1
D:6:      layout_cave_pools, mainiacjoe_overflow_alcove_4
D:7:      layout_loops_ring, chei_slow_surprise, grunt_dithmenos_shadows
D:8:      layout_rooms, david_lair_generic, serial_shops,
          nicolae_shop_bloodbath_and_beyond, minmay_misc_feat_pillars,
          uniq_maurice, uniq_psyche
D:9:      minmay_the_grid_4x2 [minmay_the_grid_diamond_grid,
          minmay_the_grid_outer_diamond, minmay_the_grid_holed_spiral,
          minmay_the_grid_all_tris, minmay_the_grid_paths,
          minmay_the_grid_armoury, minmay_the_grid_square_x,
          minmay_the_grid_prize_shrinking_boxes], layout_rooms,
          amethyst_overflow_temple_binary, mainiacjoe_overflow_chevrons,
          nicolae_shop_vocational
D:10:     layout_grid_maze, kennysheep_nub, uniq_urug
D:11:     layout_loops_corners, nicolae_trove_entry_isolated, serial_glass,
          glass_columns_c, glass_columns_c, glass_columns_a, glass_columns_b,
          due_unseen_surprise, feat_on_display, feat_on_display, minivault_25,
          st_stairs_2, lightli_wizard_tower
Lair:1:   layout_regular_city, serial_bayou_shore_a, lemuel_fruit_tree,
          uniq_grum
Lair:2:   layout_layer_cave, shoals_dummy_entry,
          nicolae_spider_entry_tight_spaces, grunt_megastairs_2,
          lemuel_fruit_fields, uniq_amaemon, uniq_sonja
Abyss:1:  base: Lair:1, base:
Lair:1

Skill      XL: |  1  2  3  4  5  6  7  8  9 10 11 12 |
---------------+-------------------------------------+-----
Stealth        | 2 3 4 |  4.0
Dodging        | 3 4 6 8 10 12 13 14 | 14.9
Fighting       | 2 4 5 6 7 |  7.9
Ranged Weapons | 5 6 7 8 9 10 12 14 | 14.0
Invocations    | 2 4 6 |  6.0

Action                     |  1- 3 |  4- 6 |  7- 9 | 10-12 || total
---------------------------+-------+-------+-------+-------++-------
   Fire: Shortbow          |   101 |   332 |   591 |  1333 ||  2357
 Invoke: Heroism           |       |       |     1 |     2 ||     3
         Finesse           |       |       |       |     1 ||     1
    Use: Scroll            |       |     5 |       |     2 ||     7
         Potion            |       |       |     1 |     5 ||     6
 Armour: Robe              |     4 |    16 |     6 |       ||    26
         Steam dragon scal |       |       |     6 |    40 ||    46
  Dodge: Dodged            |    44 |    70 |   161 |   613 ||   888

Table legend: (Time is in decaauts)
 A = Elapsed time spent in this place.
 B = Non-inter-level travel time spent in this place.
 C = Inter-level travel time spent in this place.
 D = Time resting spent in this place.
 E = Time spent auto-exploring this place.
 F = Levels seen in this place.
 G = Mean time per level.
                   A        B        C        D        E       F      G
               +--------+--------+--------+--------+--------+-----+--------+
         Total |  15830 |  15190 |    640 |   6530 |   4555 |  15 | 1055.3 |
       Dungeon |  12642 |  12009 |    633 |   4967 |   4016 |  11 | 1149.3 |
          Lair |   1542 |   1536 |      6 |    623 |    453 |   2 |  771.0 |
         Abyss |    430 |    430 |      0 |    138 |      0 |   1 |  430.0 |
       Ossuary |   1214 |   1214 |      0 |    801 |     85 |   1 | 1214.0 |
               +--------+--------+--------+--------+--------+-----+--------+

Top non-repeatable levels by time:
     D:7: 2524 daAuts
     D:8: 2065 daAuts
  Lair:1: 1465 daAuts
     D:5: 1345 daAuts
 Ossuary: 1214 daAuts
     D:4: 1111 daAuts
     D:9: 1033 daAuts
    D:10: 983 daAuts
     D:6: 899 daAuts
    D:11: 871 daAuts
     D:3: 714 daAuts
     D:2: 658 daAuts
     D:1: 435 daAuts
 Abyss:1: 430 daAuts
  Lair:2: 77 daAuts
